 Dungeon Crawl Stone Soup version 0.27-a0-1312-g5cdb2b3542 (webtiles) character file.

Game seed: 4421075007757187998

2149 bilbop the Magician (level 9, -1/65 HPs)
             Began as a Mummy Summoner on June 20, 2021.
             Was a Believer of Yredelemnul.
             Slain by an orc (2 damage)
             ... on level 8 of the Dungeon.
             The game lasted 01:02:26 (9922 turns).

bilbop the Magician (Mummy Summoner)                Turns: 9922, Time: 01:02:27

Health: -1/65      AC: 13    Str: 11    XL:     9   Next: 10%
Magic:  15/26      EV: 13    Int: 16    God:    Yredelemnul [**....]
Gold:   269        SH:  0    Dex: 14    Spells: 13/19 levels left

rFire    x . .     SeeInvis .   a - +2 dagger (freeze)
rCold    + . .     Faith    .   (no shield)
rNeg     + + +     Spirit   .   s - +2 robe {Will+}
rPois    ∞         Reflect  .   l - +2 helmet
rElec    .         Harm     .   q - +2 cloak
rCorr    .         Rampage  .   B - +2 pair of gloves
Will     ++...                  (no boots)
Stlth    +++.......             w - amulet of the acrobat
HPRegen  0.20/turn              g - ring of magical power
MPRegen  0.20/turn              E - ring of wizardry

@: no status effects
A: cold resistance 1, negative energy resistance 3, torment resistance 2, heat
vulnerability 1, no potions
a: Renounce Religion, Animate Remains, Recall Undead Slaves, Injury Mirror


You were on level 8 of the Dungeon.
You worshipped Yredelemnul.
Yredelemnul was pleased with you.
You visited 1 branch of the dungeon, and saw 8 of its levels.

You collected 444 gold pieces.
You spent 175 gold pieces at shops.

Inventory:

Hand Weapons
 a - a +2 dagger of freezing (weapon)
 b - a +0 hunting sling
 c - a +0 short sword of electrocution
Missiles
 v - 74 sling bullets
 y - 4 curare-tipped darts
Armour
 l - a +2 helmet (worn)
 q - a +2 cloak (worn)
 s - a +2 robe of willpower (worn)
 t - a +1 ring mail of cold resistance
 x - a scarf of invisibility
 B - a +2 pair of gloves (worn)
Jewellery
 g - a ring of magical power (left hand)
 w - an amulet of the acrobat (around neck)
 E - a ring of wizardry (right hand)
Wands
 u - a wand of polymorph (7)
 z - a wand of iceblast (1)
 D - a wand of acid (7)
Scrolls
 e - 3 scrolls of fog
 f - a scroll of summoning {unknown}
 h - 3 scrolls of teleportation
 i - a scroll of vulnerability {unknown}
 m - 3 scrolls of enchant armour
 o - a scroll of amnesia {unknown}
 r - a scroll of magic mapping {unknown}
 A - a scroll of silence
 C - a scroll of enchant weapon


   Skills:
 + Level 4.3 Fighting
 + Level 3.1 Short Blades
 + Level 2.3 Slings
 + Level 4.0 Dodging
 + Level 4.4 Stealth
 + Level 5.9 Spellcasting
 + Level 5.0 Summonings
 + Level 2.9 Invocations


You had 13 spell levels left.
You knew the following spells:

 Your Spells              Type           Power      Damage    Failure   Level
a - Summon Small Mammal   Summ           84%        N/A       1%          1
b - Call Imp              Summ           21%        N/A       1%          2
c - Call Canine Familiar  Summ           21%        N/A       1%          3

Your spell library contained the following spells:

 Spells                   Type           Power      Damage    Failure   Level
 Animate Skeleton         Necr           8%         N/A       6%          1
 Magic Dart               Conj           16%        1d3       6%          1
 Pain                     Necr           16%        1d4       6%          1
 Summon Guardian Golem    Hex/Summ       12%        N/A       6%          3
 Blink                    Tloc           N/A        N/A       9%          2
 Slow                     Hex            4%         N/A       9%          2
 Conjure Flame            Conj/Fire      4%         6-21      16%         3
 Mephitic Cloud           Conj/Pois/Air  4%         N/A       16%         3
 Vampiric Draining        Necr           2%         2d6       16%         3
 Summon Ice Beast         Ice/Summ       12%        N/A       19%         4
 Summon Lightning Spire   Summ/Air       12%        N/A       19%         4
 Animate Dead             Necr           2%         N/A       45%         4
 Agony                    Necr           4%         N/A       80%         5


Dungeon Overview and Level Annotations

Branches:
Dungeon (8/15)             Temple (0/1) D:7
   Lair: D:8-11

Altars:
Ashenzari
Elyvilon
Fedhas
Gozag
Kikubaaqudgha
Sif Muna
Uskayaw
Yredelemnul
Zin
Beogh

Shops:
D:2 :   D:6 (*:

Annotations:
D:7 2 transporters, atabob's ghost, novice GnWn
D:8 3 runed translucent doors, pokeman's ghost, novice DEWz


Innate Abilities, Weirdness & Mutations

You are immune to poison.
Your flesh is cold resistant. (rC+)
You are immune to negative energy. (rN+++)
You are immune to unholy pain and torment.
You are vulnerable to heat. (rF-)
You do not drink.


Message History

Your crimson imp closely misses the orc wizard.
Your shadow imp hits the orc wizard but does no damage.
The orc completely misses you. The orc warrior misses you.
The orc wizard gestures at your shadow imp while chanting.
The magic dart hits your shadow imp!
Your shadow imp dies!
Your crimson imp barely misses the orc wizard.
The orc completely misses you.
You completely miss the orc wizard.
The orc wizard shouts!
The orc wizard is heavily wounded.
Your bat misses the orc wizard.
Your bat barely misses the orc wizard.
The orc warrior closely misses you.
The orc wizard points at you and mumbles some strange words.
The magic dart hits you but does no damage.
Your crimson imp hits the orc wizard but does no damage.
You hit the orc wizard but do no damage.
The orc wizard is heavily wounded.
Your bat hits the orc wizard. The orc misses you.
The orc warrior hits you from afar with a +2 halberd of holy wrath!
You convulse!
The orc wizard hits you but does no damage.
You hit the orc wizard. You freeze the orc wizard.
The orc wizard is almost dead.
Your crimson imp hits the orc wizard.
Your crimson imp closely misses the orc warrior.
The orc hits you but does no damage.
The orc warrior hits you from afar with a +2 halberd of holy wrath!!
* * * LOW HITPOINT WARNING * * *
You convulse!
* * * LOW HITPOINT WARNING * * *
You closely miss the orc wizard.
The orc wizard is almost dead.
Your bat closely misses the orc wizard.
Your bat hits the orc warrior but does no damage.
Your crimson imp blinks!
Your crimson imp hits the orc warrior.
The orc hits you with a +0 short sword.
You die...
Yredelemnul claims you as an undead slave.

### ..### ... ....#
#.... ..... #....##
#.... #...... #..
......### . ........#
#. #.o§o### #..
#5b@#.# #.. ##.o...##
## #..##.......#
.#####+##...#.....5.##
............#........#
....................##
...........#......#.#
........^.##..###.###
...........#.)#....#


You could see an orc warrior (ally target), an orc wizard (ally target), an orc,
2 friendly crimson imps and a friendly bat (summoned).

Vanquished Creatures
  A steam dragon (D:8)
  A water moccasin (D:6)
  An orc warrior (D:8)
  2 ogres (D:6)
  2 centaurs
  3 kobold brigands
  A scorpion (D:7)
  A howler monkey (D:6)
  A hound (D:5)
  2 orc priests
  2 jellies
  A centaur skeleton (D:7)
  Crazy Yiuf (D:3)
  Jessica (D:2)
  3 iguanas
  A scorpion zombie (D:3)
  A killer bee zombie (D:6)
  2 hound skeletons
  2 adders
  A dart slug (D:3)
  11 orcs
  6 ball pythons
  A bat zombie (D:8)
  2 endoplasms (D:1)
  2 giant cockroaches
  6 goblins
  5 hobgoblins
  23 kobolds
  3 quokkas
  2 bats
  A frilled lizard (D:1)
  2 rats (D:3)
  A rat zombie (D:8)
95 creatures vanquished.

Vanquished Creatures (collateral kills)
  Sigmund (D:4)
  Menkaure (D:4)
  2 black bears
  A sky beast (D:6)
  2 necrophages (D:5)
  A centaur (D:3)
  2 kobold brigands
  3 wights (D:8)
  A hound (D:4)
  A gnoll shaman (D:7)
  2 orc priests (D:4)
  A bullfrog skeleton (D:6)
  Terence (D:2)
  3 iguanas
  Ijyb (D:4)
  A killer bee zombie (D:8)
  A hound zombie (D:5)
  Robin (D:2)
  A howler monkey skeleton (D:4)
  6 adders
  5 gnolls (D:7)
  A worm (D:2)
  2 dart slugs
  11 orcs
  3 endoplasms
  A giant cockroach (D:3)
  5 hobgoblins
  4 ball pythons
  A bat (D:3)
  A frilled lizard (D:2)
  11 goblins
  12 kobolds
  5 rats
95 creatures vanquished.

Vanquished Creatures (others)
  An iguana zombie (D:7)
  11 kobold zombies
  An orc zombie (D:8)
  10 plants (D:2)
23 creatures vanquished.

Grand Total: 213 creatures vanquished

Notes
Turn   | Place    | Note
-------+----------+-------------------------------------------
     0 | D:1      | bilbop the Mummy Summoner began the quest for the Orb.
     0 | D:1      | Reached XP level 1. HP: 13/13 MP: 4/4
   467 | D:1      | Reached XP level 2. HP: 19/20 MP: 5/5
  1517 | D:2      | Reached XP level 3. HP: 25/25 MP: 1/7
  1525 | D:2      | Noticed Jessica
  1555 | D:2      | Noticed Terence
  1559 | D:2      | Killed Jessica
  1560 | D:2      | Reached skill level 1 in Fighting
  1751 | D:2      | Learned a level 2 spell: Call Imp
  2086 | D:2      | Reached XP level 4. HP: 32/32 MP: 6/9
  2428 | D:2      | Killed Terence
  2744 | D:2      | Found Naeluore's Book Shoppe.
  2810 | D:2      | Noticed Robin
  2831 | D:2      | Killed Robin
  3206 | D:2      | Found a faded altar of an unknown god.
  3278 | D:3      | Noticed a centaur
  3297 | D:3      | Killed a centaur
  3298 | D:3      | Reached XP level 5. HP: 31/38 MP: 10/10
  4051 | D:3      | Found a runed translucent door.
  4052 | D:3      | Noticed Crazy Yiuf
  4378 | D:3      | Found an opulent altar of Gozag.
  4485 | D:3      | Killed Crazy Yiuf
  4738 | D:4      | Noticed Menkaure
  4774 | D:4      | Killed Menkaure
  4775 | D:4      | Reached skill level 1 in Short Blades
  4775 | D:4      | Reached XP level 6. HP: 19/44 MP: 4/12
  5095 | D:4      | Noticed Sigmund
  5156 | D:4      | Killed Sigmund
  5566 | D:4      | Found a basalt altar of Yredelemnul.
  5576 | D:4      | Became a worshipper of Yredelemnul the Dark
  5634 | D:4      | Noticed Ijyb
  5651 | D:4      | Killed Ijyb
  5952 | D:5      | Entered Level 5 of the Dungeon
  5966 | D:5      | Reached XP level 7. HP: 35/51 MP: 13/13
  6437 | D:5      | Learned a level 3 spell: Call Canine Familiar
  6708 | D:5      | Found a shimmering blue altar of Sif Muna.
  6795 | D:6      | Found Qyteocwi's Assorted Antiques.
  6804 | D:6      | Bought a square lapis lazuli amulet for 175 gold pieces
  6852 | D:6      | Found Leilin's Book Shoppe.
  6871 | D:6      | Reached skill level 1 in Invocations
  6978 | D:6      | Found Vuobuy's Antique Weapon Shop.
  7095 | D:6      | Reached skill level 1 in Slings
  7095 | D:6      | Reached skill level 5 in Spellcasting
  7096 | D:6      | Reached XP level 8. HP: 53/58 MP: 15/15
  7332 | D:6      | Reached * piety under Yredelemnul
  7935 | D:7      | Noticed atabob's ghost (novice GnWn)
  8043 | D:7      | Found a transporter.
  8173 | D:7      | Found a staircase to the Ecumenical Temple.
  8392 | D:7      | Found a transporter.
  8594 | D:7      | Found a broken altar of Ashenzari.
  8656 | D:7      | Found a hide-covered altar of Uskayaw.
  8777 | D:7      | Reached ** piety under Yredelemnul
  9116 | D:8      | Reached skill level 5 in Summonings
  9129 | D:8      | Found a blossoming altar of Fedhas.
  9347 | D:8      | Reached XP level 9. HP: 55/65 MP: 17/17
  9800 | D:8      | Found an ancient bone altar of Kikubaaqudgha.
  9822 | D:8      | Found a runed translucent gate.
  9822 | D:8      | Found a runed translucent gate.
  9823 | D:8      | Found a runed translucent gate.
  9827 | D:8      | Noticed pokeman's ghost (novice DEWz)
  9921 | D:8      | HP: 1/65 [orc warrior (11)]
  9922 | D:8      | Slain by an orc

Illustrated notes

Levels and vault maps discovered:
D:1:      minmay_arrival_stair_chambers, layout_rooms, minmay_tetromino_o2
D:2:      layout_rooms, serial_shops, nicolae_shop_waterfront,
          dilly_ecumenical_altar_fadedgnrine, minmay_fractal_squares_5,
          uniq_terence, uniq_jessica, uniq_robin
D:3:      layout_loops_ring, elyvilon_altar_5, lemuel_tele_altar,
          uniq_crazy_yiuf_cottage
D:4:      layout_cave_pods, marbit_many_paths, uniq_menkaure, uniq_sigmund,
          uniq_ijyb
D:5:      layout_rooms, lemuel_coloured_pillars_altar, lemuel_doored_altar
D:6:      layout_basic, serial_shops, nicolae_shop_crystal, nicolae_square_shop,
          shop, kennysheep_small_circle
D:7:      layout_loops_ring, ashenzari_conservatory_becter,
          nicolae_uskayaw_suspiria, minmay_temple_entry_trees,
          gammafunk_ghost_hive
D:8:      layout_cave_pools, fedhas_altar_1, lemuel_zombie_altar_kikubaaqudgha,
          biasface_ghost_orc_armoury, lightli_corner_chamber

Skill      XL: |  1  2  3  4  5  6  7  8 |
---------------+-------------------------+-----
Spellcasting   | 3 4 5 |  5.9
Stealth        | 2 3 4 |  4.4
Fighting       | 1 2 3 4 |  4.3
Dodging        | 2 3 4 |  4.0
Short Blades   | 1 2 3 |  3.1
Summonings     | 4 5 |  5.0
Invocations    | 1 2 |  2.9
Slings         | 1 2 |  2.3

Action                   |  1- 3 |  4- 6 |  7- 9 || total
-------------------------+-------+-------+-------++-------
Melee: Dagger            |    61 |    65 |    19 ||   145
       Unarmed           |     1 |       |       ||     1
       Short sword       |       |    43 |   172 ||   215
 Fire: Hunting sling     |       |       |     3 ||     3
 Cast: Summon Small Mamm |    54 |     4 |     6 ||    64
       Call Imp          |     8 |    82 |    49 ||   139
       Call Canine Famil |       |       |    25 ||    25
Invok: Animate Remains   |       |       |    16 ||    16
  Use: Scroll            |       |       |     6 ||     6
 Stab: Sleeping          |     2 |     5 |     9 ||    16
       Distracted        |     1 |     2 |     1 ||     4
Armor: Robe              |    10 |    32 |    81 ||   123
Dodge: Dodged            |    46 |    78 |   156 ||   280

Table legend: (Time is in decaauts)
 A = Elapsed time spent in this place.
 B = Non-inter-level travel time spent in this place.
 C = Inter-level travel time spent in this place.
 D = Time resting spent in this place.
 E = Time spent auto-exploring this place.
 F = Levels seen in this place.
 G = Mean time per level.
                   A        B        C        D        E       F      G
               +--------+--------+--------+--------+--------+-----+--------+
         Total |   9914 |   9672 |    242 |   1107 |   6801 |   8 | 1239.2 |
       Dungeon |   9914 |   9672 |    242 |   1107 |   6801 |   8 | 1239.2 |
               +--------+--------+--------+--------+--------+-----+--------+

Top non-repeatable levels by time:
     D:2: 2029 daAuts
     D:3: 1458 daAuts
     D:4: 1262 daAuts
     D:7: 1227 daAuts
     D:1: 1202 daAuts
     D:6: 1093 daAuts
     D:5: 824 daAuts
     D:8: 816 daAuts
